 Dungeon Crawl Stone Soup version 0.27.0-1-g7a089689b8 (webtiles) character file.

Game seed: 17047943429230463000

33668 mainiacjoe the Thaumaturge (level 14, -13/111 HPs)
             Began as a Djinni Fire Elementalist on Aug 14, 2021.
             Was a Priest of Ashenzari.
             Mangled by an entropy weaver simulacrum (35 damage)
             ... in an ice cave.
             The game lasted 01:11:54 (22170 turns).

mainiacjoe the Thaumaturge (DjFE)                  Turns: 22170, Time: 01:11:55

Health: -13/111    AC:  8    Str:  7    XL:     14   Next: 9%
Gold:   27         EV: 16    Int: 23    God:    Ashenzari [***...] SH: 10 Dex: 15

rFire    + + .     SeeInvis +   S - +10 hand crossbow of Supernal Knowledge {vorpal, rPois rCorr Dex+2, Fgt, Spc, Evo} (curse)
rCold    . . .     Faith    .   W - +0 buckler of the All-seeing Sybil {Range, Evo} (curse)
rNeg     . . .     Spirit   .   G - +2 leather armour {rC+}
rPois    ∞         Reflect  +   V - +2 hat
rElec    .         Harm     .   (no cloak)
rCorr    +         Rampage  .   T - +0 pair of gloves "Lashed Together" {Fort, Range} (curse)
Will     +....     Clarity  +   (boots unavailable)
Stlth    +++.......             k - amulet of reflection
HPRegen  0.28/turn              d - ring "Behold Eternity" {Slay+4, Melee, Fgt, Spc} (curse)
MPRegen  0.00/turn              U - +4 ring of slaying

@: flying
A: sickness immunity, fire resistance 2, cold vulnerability 1, float, innate
caster, hp casting, extra vitality 1
a: Renounce Religion, Shatter the Chains


You were in an ice cave.
You worshipped Ashenzari.
Ashenzari was most pleased with you.
You visited 2 branches of the dungeon, and saw 15 of its levels.
You also visited: Ice Cave.

You collected 968 gold pieces.
You spent 941 gold pieces at shops.

Inventory:

Hand Weapons
 S - the cursed +10 hand crossbow of Supernal Knowledge (weapon) {vorpal, rPois rCorr Dex+2, Fgt, Spc, Evo}
   (You found it on level 10 of the Dungeon)

   Any ammunition fired from it inflicts extra damage upon your enemies.
   Dex:       It affects your dexterity (+2).
   rPois:     It protects you from poison.
   rCorr:     It protects you from acid and corrosion.
   It has a curse which improves the following skills: Introspection: Fighting
   and Spellcasting.
   Evocations: Evocations.
Missiles
 o - 164 bolts (quivered ammo)
 q - 31 poisoned darts
 u - 418 stones
 I - 3 throwing nets {=F}
 X - 5 atropa-tipped darts {=F}
 Z - 4 curare-tipped darts {=F}
Armour
 G - a +2 leather armour of cold resistance (worn)
 T - the cursed +0 pair of gloves "Lashed Together" (worn) {Fort, Range}
   (You found it on level 10 of the Dungeon)

   It has a curse which improves the following skills: Fortitude: Armour and
   Shields.
   Ranged Combat: Slings, Bows, Crossbows and Throwing.
 V - a +2 hat (worn)
 W - the cursed +0 buckler of the All-seeing Sybil (worn) {Range, Evo}
   (You bought it in a shop on level 6 of the Dungeon)

   It has a curse which improves the following skills: Ranged Combat: Slings,
   Bows, Crossbows and Throwing.
   Evocations: Evocations.
Jewellery
 c - a ring of protection from fire
 d - the cursed ring "Behold Eternity" (left hand) {Slay+4, Melee, Fgt, Spc}
   (You found it on level 1 of the Dungeon)

   [ring of slaying]

   Slay:      It affects your accuracy & damage with ranged weapons and melee
   (+4).
   It has a curse which improves the following skills: Melee Combat: Short
   Blades, Long Blades, Axes, Maces & Flails, Polearms, Staves and Unarmed
   Combat.
   Introspection: Fighting and Spellcasting.
 k - an amulet of reflection (around neck)
 p - a ring of see invisible
 r - a +6 ring of dexterity
 U - a +4 ring of slaying (right hand)
Wands
 y - a wand of flame (51)
 D - a wand of polymorph (10)
 F - a wand of iceblast (40)
 K - a wand of acid (11)
 N - a wand of paralysis (8)
Scrolls
 e - a scroll of fear
 g - 5 scrolls of teleportation
 i - a scroll of torment
 m - a scroll of holy word
 x - 2 scrolls of vulnerability
 J - 4 scrolls of enchant armour
 L - 2 scrolls of blinking
 O - a scroll of magic mapping
 P - a scroll of fog
 Q - a scroll of summoning
Potions
 h - a potion of haste
 j - 4 potions of lignification
 n - 2 potions of heal wounds
 t - 4 potions of might
 v - 2 potions of berserk rage
 z - a potion of resistance
 C - 2 potions of brilliance
 M - a potion of cancellation


   Skills:
 + Level 11.3(13.9) Fighting
 - Level 3.7(6.3) Crossbows
 - Level 10.0 Dodging
 + Level 6.8 Stealth
 - Level 3.4(5.1) Shields
 + Level 11.9(14.5) Spellcasting
 - Level 3.6(6.3) Evocations


You had 9 spell levels left.
You knew the following spells:

 Your Spells              Type           Power      Damage    Failure   Level
a - Foxfire               Conj/Fire      100%       2x1d9     0%          1
b - Slow                  Hex            70%        N/A       1%          2
c - Iskenderun's Mystic   Conj/Tloc      70%        2d14      1%          4
d - Sticky Flame          Conj/Fire      70%        2d8       1%          4
e - Fireball              Conj/Fire      35%        3d15      1%          5
f - Conjure Flame         Conj/Fire      70%        6-21      1%          3
g - Corpse Rot            Necr/Air       N/A        N/A       1%          2
h - Sting                 Tmut/Pois      100%       1d8       0%          1
i - Inner Flame           Hex/Fire       70%        N/A       1%          3
j - Silence               Hex/Air        35%        N/A       1%          5
z - Ozocubu's Armour      Ice            70%        N/A       1%          3
Your spell library was empty.

Dungeon Overview and Level Annotations

Branches:
Dungeon (10/15)            Temple (0/1) D:6            Lair (5/6) D:10
 Shoals (0/4) Lair:2       Spider (0/4) Lair:3        IceCv (1/1)
  Slime: Lair:5-6       Orc: D:9-12

Altars:
Ashenzari
Cheibriados
Fedhas
Gozag
Kikubaaqudgha
Makhleb
Okawaru
Qazlal
Uskayaw
Vehumet
Zin
The Shining One

Shops:
D:6 [   D:8 ?

Annotations:
IceCv exclusion: quicksilver ooze


Innate Abilities, Weirdness & Mutations

You are immune to sickness and miasma.
You are immune to poison.
Your flesh is very heat resistant. (rF++)
You are vulnerable to cold. (rC-)
You float through the air rather than walking.
You learn spells naturally, not from books.
Your magical power is your life essence.
You have superior vitality. (+4 HP)


Message History

The foxfire hits the entropy weaver simulacrum.
The entropy weaver simulacrum melts!
The entropy weaver simulacrum is moderately damaged.
The foxfire hits the entropy weaver simulacrum but does no damage.
The entropy weaver simulacrum is moderately damaged.
Casting: Foxfire (safe; 0% risk of failure)
Confirm with . or Enter, or press ? or * to list all spells.
You conjure some foxfire!
The foxfire hits the entropy weaver simulacrum.
The entropy weaver simulacrum melts!
The entropy weaver simulacrum is heavily damaged.
The foxfire hits the entropy weaver simulacrum but does no damage.
The entropy weaver simulacrum is heavily damaged.
The foxfire hits the entropy weaver simulacrum but does no damage.
The entropy weaver simulacrum is heavily damaged.
Casting: Foxfire (safe; 0% risk of failure)
Confirm with . or Enter, or press ? or * to list all spells.
You conjure some foxfire!
The entropy weaver simulacrum hits you.
The entropy weaver simulacrum freezes you!!
The entropy weaver simulacrum hits you.
The entropy weaver simulacrum freezes you!
The entropy weaver simulacrum hits you!
The entropy weaver simulacrum freezes you!!
* * * LOW HITPOINT WARNING * * *
The entropy weaver simulacrum hits you.
* * * LOW HITPOINT WARNING * * *
The entropy weaver simulacrum freezes you!
* * * LOW HITPOINT WARNING * * *
Your foxfire dissipates!
The foxfire hits the entropy weaver simulacrum.
The entropy weaver simulacrum melts!
The entropy weaver simulacrum is heavily damaged.
The entropy weaver simulacrum misses you.
The entropy weaver simulacrum hits you but does no damage.
You block the entropy weaver simulacrum's attack.
The entropy weaver simulacrum misses you.
You feel much better. The entropy weaver simulacrum hits you!
* * * LOW HITPOINT WARNING * * *
The entropy weaver simulacrum freezes you!!
You die...

##### ##.∩.##
#..∩..# ##...##
##.## ##.##
####.§.####
#...Z@....####
#.....#####.....###
* ...### ,
###.....# .# *,,,,
####....#* * , ,*
{, ##..... * ,, * *
* {, *...J * , , *
, , * ... * ,, , ,
, , ,* .. , , ,,* ,
, .


You could see an entropy weaver simulacrum.

Vanquished Creatures
  Kirke (Lair:4)
  Harold (D:8)
  2 hydras
  Erica (D:8)
  3 death yaks (Lair:4)
  A two-headed ogre (D:7)
  A lindwurm (Lair:3)
  An oklob plant (Lair:3)
  Joseph (D:9)
  A black mamba (Lair:4)
  7 cane toads
  4 rime drakes
  6 komodo dragons
  An efreet (D:9)
  A troll (D:6)
  2 jumping spiders (Lair:3)
  A hornet (D:10)
  3 polar bears (Lair:5)
  A raiju (Lair:4)
  10 dream sheep
  7 blink frogs
  A wraith (D:9)
  2 shadows
  5 redbacks (Lair:3)
  4 basilisks
  4 wyverns
  45 yaks
  4 hogs (Lair:4)
  3 steam dragons
  A demonic crawler simulacrum (IceCv)
  An acid dragon (D:9)
  7 water moccasins
  A sky beast (D:8)
  3 orc warriors
  An ice beast (D:4)
  3 black bears
  9 centaurs
  An ugly thing simulacrum (IceCv)
  4 ogres
  7 wolves
  Blork the orc (D:6)
  A kobold brigand (D:8)
  10 bullfrogs
  A gnoll sergeant (D:9)
  A glowing shapeshifter simulacrum (IceCv)
  A wyvern zombie (D:5)
  4 scorpions
  12 killer bees
  5 wights (D:10)
  3 howler monkeys
  4 centaur zombies
  4 hounds
  A jelly (D:5)
  6 orc priests
  2 centaur skeletons (D:7)
  8 orc wizards
  2 howler monkey zombies
  7 adders
  4 gnolls (D:9)
  2 shadow imps
  An ufetubus (D:5)
  3 adder skeletons (D:4)
  2 worms
  A dart slug (D:1)
  17 orcs
  8 ball pythons
  An endoplasm (D:4)
  6 giant cockroaches
  9 hobgoblins
  A jackal (D:2)
  9 kobolds
  2 quokkas
  8 bats
  A frilled lizard (D:3)
  5 goblins
  3 rats
  A butterfly (Lair:3)
319 creatures vanquished.

Vanquished Creatures (collateral kills)
  8 foxfires (Lair:3)
8 creatures vanquished.

Vanquished Creatures (others)
  A human (D:7)
  553 foxfires
  31 fungi
  30 plants
615 creatures vanquished.

Grand Total: 942 creatures vanquished

Notes
Turn   | Place    | Note
-------+----------+-------------------------------------------
     0 | D:1      | mainiacjoe the Djinni Fire Elementalist began the quest for
                  | the Orb.
     0 | D:1      | Reached XP level 1. HP: 15/15 MP: 0/0
    66 | D:1      | Reached XP level 2. HP: 1/21 MP: 0/0
   756 | D:1      | Found a faded altar of an unknown god.
   910 | D:1      | Reached XP level 3. HP: 23/25 MP: 0/0
   910 | D:1      | Learned a level 1 spell: Sting
  1325 | D:2      | You are sucked into a shaft and drop 1 floor!
  1565 | D:2      | Reached skill level 1 in Fighting
  1565 | D:2      | Reached XP level 4. HP: 28/32 MP: 0/0
  2567 | D:3      | Noticed an ogre
  2581 | D:3      | Killed an ogre
  2582 | D:3      | Reached XP level 5. HP: 7/38 MP: 0/0
  2582 | D:3      | Learned a level 2 spell: Slow
  3033 | D:3      | Found a broken altar of Ashenzari.
  3053 | D:3      | Became a worshipper of Ashenzari the Shackled
  3109 | D:3      | Reached XP level 6. HP: 36/43 MP: 0/0
  3556 | D:4      | Noticed an ogre
  3561 | D:4      | Killed an ogre
  4126 | D:4      | Noticed an ogre
  4132 | D:4      | Killed an ogre
  4133 | D:4      | Reached XP level 7. HP: 44/50 MP: 0/0
  4133 | D:4      | Learned a level 2 spell: Corpse Rot
  4327 | D:4      | Reached skill level 5 in Spellcasting
  4545 | D:4      | Found a burning altar of Makhleb.
  4548 | D:4      | Found a glowing silver altar of Zin.
  4548 | D:4      | Found a blossoming altar of Fedhas.
  4558 | D:4      | Found a stormy altar of Qazlal.
  4561 | D:4      | Found a hide-covered altar of Uskayaw.
  5187 | D:5      | Entered Level 5 of the Dungeon
  5498 | D:5      | Reached XP level 8. HP: 55/58 MP: 0/0
  5801 | D:5      | Found an opulent altar of Gozag.
  6293 | D:5      | Found a glowing golden altar of the Shining One.
  6376 | D:6      | Reached skill level 5 in Fighting
  6613 | D:6      | Noticed a troll
  6931 | D:6      | Found Xestruy's Antique Armour Shoppe.
  6936 | D:6      | Bought a buzzing hat for 234 gold pieces
  6936 | D:6      | Identified the +2 hat of the Gate {+Inv rPois rF-} (You
                  | bought it in a shop on level 6 of the Dungeon)
  6962 | D:6      | Killed a troll
  6963 | D:6      | Reached XP level 9. HP: 60/66 MP: 0/0
  6963 | D:6      | Learned a level 3 spell: Ozocubu's Armour
  7213 | D:6      | Found a staircase to the Ecumenical Temple.
  7241 | D:6      | Noticed Blork the orc
  7255 | D:6      | Killed Blork the orc
  8153 | D:6      | Bought a dyed leather armour for 130 gold pieces
  8673 | D:7      | Noticed a two-headed ogre
  8690 | D:7      | Killed a two-headed ogre
  8691 | D:7      | Reached XP level 10. HP: 64/76 MP: 0/0
  8855 | D:7      | Found an iron altar of Okawaru.
  9051 | D:8      | Noticed Harold
  9075 | D:8      | Killed Harold
  9372 | D:8      | Noticed Erica
  9383 | D:8      | Killed Erica
  9740 | D:8      | Reached skill level 10 in Spellcasting
  9749 | D:8      | Reached XP level 11. HP: 75/84 MP: 0/0
  9749 | D:8      | Learned a level 4 spell: Iskenderun's Mystic Blast
  9859 | D:8      | Found Dywka's Magic Scroll Shop.
 10314 | D:8      | Bought a scroll of blinking for 97 gold pieces
 12096 | D:9      | Noticed Joseph
 12268 | D:9      | Found a snail-covered altar of Cheibriados.
 12303 | D:9      | Killed Joseph
 12617 | D:10     | Entered Level 10 of the Dungeon
 12830 | D:8      | Bought a scroll of magic mapping for 45 gold pieces
 12996 | D:10     | Reached skill level 10 in Fighting
 13578 | D:10     | Found a staircase to the Lair.
 13653 | D:10     | Identified the +1 scimitar of Ydghiegh {drain, +Blink rCorr
                  | Int-3}
 13782 | D:8      | Bought a scroll of summoning for 123 gold pieces
 14537 | D:10     | Identified the +10 hand crossbow of Linearity {vorpal,
                  | rPois rCorr Dex+2}
 14615 | D:10     | Reached * piety under Ashenzari
 14761 | Lair:1   | Entered Level 1 of the Lair of Beasts
 15500 | Lair:1   | Reached skill level 1 in Crossbows
 15500 | Lair:1   | Reached skill level 1 in Shields
 15519 | Lair:1   | Reached XP level 12. HP: 73/94 MP: 0/0
 15801 | Lair:1   | Noticed an eight-headed hydra
 15808 | Lair:1   | Killed an eight-headed hydra
 16173 | Lair:1   | Reached skill level 5 in Dodging
 16480 | Lair:2   | Identified the +3 hand axe of the Real Monster {vorpal,
                  | Drain rC++ Int+4}
 16618 | Lair:2   | Identified the +10 hand axe of Xintuo {drain, rPois Dex+4}
 16816 | Lair:2   | Reached ** piety under Ashenzari
 16982 | D:6      | Bought a buckler for 117 gold pieces
 17665 | Lair:2   | Found a blossoming altar of Fedhas.
 17850 | Lair:2   | Noticed a five-headed hydra
 17862 | Lair:2   | Killed a five-headed hydra
 17922 | Lair:2   | Found a staircase to the Shoals.
 18385 | Lair:3   | Reached XP level 13. HP: 79/101 MP: 0/0
 18385 | Lair:3   | Learned a level 5 spell: Silence
 18576 | Lair:3   | Reached skill level 10 in Dodging
 18741 | Lair:3   | Reached skill level 1 in Evocations
 19427 | Lair:3   | Reached skill level 5 in Stealth
 19480 | Lair:3   | Found a hole to the Spider Nest.
 20303 | D:6      | Bought a pair of glowing gloves for 195 gold pieces
 20579 | Lair:4   | Reached *** piety under Ashenzari
 20748 | Lair:4   | Noticed Sonja
 20749 | Lair:4   | Noticed Sonja
 20749 | Lair:4   | Sonja changed into Sonja the raiju
 20756 | Lair:4   | Killed Sonja the raiju
 21270 | Lair:4   | Noticed Kirke
 21274 | Lair:4   | Killed Kirke
 21274 | Lair:4   | Identified the cursed +0 pair of gloves "Lashed Together"
                  | {Fort, Range} (You found it on level 10 of the Dungeon)
 21274 | Lair:4   | Identified the cursed +0 buckler of the All-seeing Sybil
                  | {Range, Evo} (You bought it in a shop on level 6 of the
                  | Dungeon)
 21274 | Lair:4   | Identified the cursed ring "Behold Eternity" {Slay+4,
                  | Melee, Fgt, Spc} (You found it on level 1 of the Dungeon)
 21823 | Lair:5   | Reached XP level 14. HP: 101/111 MP: 0/0
 21864 | Lair:5   | Found a frozen archway.
 21990 | IceCv    | Entered an ice cave
 22152 | IceCv    | Noticed a quicksilver ooze
 22170 | IceCv    | Mangled by an entropy weaver simulacrum

Illustrated notes

Levels and vault maps discovered:
D:1:      minmay_arrival_hallway, layout_basic,
          chequers_ecumenical_altar_simple_redux, roderic_cross_of_infinity,
          hangedman_decor_riveting, minivault_11
D:2:      layout_basic, hangedman_decor_lopped, minmay_octomino_j4
D:3:      layout_loops_corners, mainiacjoe_overflow_catwalk, lemuel_tele_altar
D:4:      layout_gridville, minmay_overflow_temple_star_hex, st_stairs_9,
          kennysheep_flooded_box
D:5:      layout_basic, lemuel_doored_altar, tso_oasis_becter
D:6:      layout_basic, minmay_temple_entry_tees, serial_shops, shop,
          uniq_blork_the_orc
D:7:      layout_cave_pools, okawaru_ov_weapons_minmay, tgw_kikubaaqudgha,
          minmay_manual_mares
D:8:      layout_basic, serial_shops, nicolae_inconvenience_store, uniq_erica,
          uniq_harold
D:9:      layout_small_grid, mainiacjoe_overflow_boulevard,
          minmay_chambers_of_fives, uniq_joseph
D:10:     layout_roguey, grunt_lair_entry_orc_guard_hut, serial_bayou_pond_e,
          hangedman_decor_peaks_small, eino_small_chamber_without_monster
Lair:1:   layout_loops_ring
Lair:2:   layout_cave_pods, shoals_dummy_entry, serial_bayou_pond_c,
          lemuel_centaur_altar, infiniplex_staircase_pool_2,
          serial_bayou_shore_a
Lair:3:   layout_hall_layers, nicolae_spider_entry_tight_spaces,
          minmay_lair_oklob_chamber, lemuel_fruit_fields
Lair:4:   layout_concentric_octagons, uniq_sonja, uniq_kirke
Lair:5:   layout_cave_pods, portal_ice_cave_entry_animals_and_master,
          beast_lair_carwin_1, grunt_megastairs_2, lemuel_fruit_tree
IceCv:    ice_cave_hellmonk_azure_passage

Skill      XL: |  1  2  3  4  5  6  7  8  9 10 11 12 13 |
---------------+----------------------------------------+-----
Stealth        | 2 3 6 |  6.8
Spellcasting   | 3 4 5 7 8 10 11 | 11.9
Fighting       | 1 2 3 4 5 7 8 10 11 | 11.3
Crossbows      | 1 3 |  3.7
Shields        | 1 3 |  3.4
Dodging        | 3 9 10 | 10.0
Evocations     | 3 |  3.6

Action                   |  1- 3 |  4- 6 |  7- 9 | 10-12 | 13-15 || total
-------------------------+-------+-------+-------+-------+-------++-------
Melee: Unarmed           |     2 |       |       |       |       ||     2
       Dagger            |     4 |       |    20 |   107 |       ||   131
       Short sword       |     2 |    11 |       |       |       ||    13
       Trident           |       |    10 |    15 |       |       ||    25
 Fire: Hand crossbow     |       |       |       |    27 |    24 ||    51
Throw: Stone             |       |     1 |       |       |     2 ||     3
       Dart              |       |    12 |    28 |     9 |       ||    49
 Cast: Foxfire           |    51 |    44 |    58 |    88 |    96 ||   337
       Sting             |       |    10 |     6 |     5 |       ||    21
       Conjure Flame     |       |     1 |       |       |       ||     1
       Slow              |       |     5 |    13 |    27 |    23 ||    68
       Inner Flame       |       |     2 |    24 |    47 |    30 ||   103
       Fireball          |       |       |     5 |    34 |    12 ||    51
       Sticky Flame      |       |       |     5 |    16 |    11 ||    32
       Corpse Rot        |       |       |     1 |       |     1 ||     2
       Ozocubu's Armour  |       |       |     1 |       |       ||     1
       Iskenderun's Myst |       |       |       |    16 |    12 ||    28
Invok: Curse Item        |       |       |     1 |     2 |     1 ||     4
Evoke: Wand              |       |       |       |       |     1 ||     1
  Use: Scroll            |     1 |       |     1 |     1 |       ||     3
       Potion            |       |       |       |       |     1 ||     1
 Stab: Sleeping          |       |     4 |     3 |     2 |       ||     9
Armor: Robe              |     5 |     1 |     2 |       |       ||     8
       Acid dragon scale |       |       |     5 |       |       ||     5
       Leather armour    |       |       |       |    23 |     3 ||    26
Dodge: Dodged            |     8 |    12 |    26 |    89 |    15 ||   150
Block: Other             |     1 |     5 |    13 |    35 |       ||    54
       Reflection        |       |       |     3 |    12 |     1 ||    16
       Buckler           |       |       |       |    11 |    13 ||    24
